 Dungeon Crawl Stone Soup version 0.21.1-1-g345015f (webtiles) character file.

86 Supreme the Magician (level 4, -3/24 HPs)
             Began as a Deep Elf Wizard on Apr 26, 2018.
             Killed from afar by an orc wizard (8 damage)
             ... with a puff of flame
             ... on level 2 of the Dungeon.
             The game lasted 00:12:40 (1744 turns).

Supreme the Magician (Deep Elf Wizard)              Turns: 1744, Time: 00:12:40

Health: -3/24      AC:  3    Str:  4    XL:     4   Next: 26%
Magic:  10/14      EV: 13    Int: 24    God:
Gold:   38         SH:  0    Dex: 13    Spells: 2/15 levels left

rFire    . . .     SeeInvis .   g - +0 short sword
rCold    . . .     Gourm    .   (no shield)
rNeg     . . .     Faith    .   a - +0 robe
rPois    .         Spirit   .   p - +0 helmet
rElec    .         Reflect  .   (no cloak)
rCorr    .         Harm     .   (no gloves)
MR       .....                  (no boots)
Stlth    +.........             (no amulet)
HPRegen  0.08/turn              (no ring)
MPRegen  0.14/turn              (no ring)

@: confused
A: no striking features
a: no special abilities


You were on level 2 of the Dungeon.
You were not hungry.

You visited 1 branch of the dungeon, and saw 2 of its levels.

You collected 38 gold pieces.

Inventory:

Hand Weapons
 g - a +0 short sword (weapon)
 n - a +0 spear
Missiles
 e - 26 arrows
 h - 47 stones (quivered)
Armour
 a - a +0 robe (worn)
 p - a +0 helmet (worn)
Scrolls
 j - 2 scrolls of immolation {unknown}
 m - 2 scrolls of teleportation {unknown}
 o - a scroll of identify {unknown}
Potions
 b - a potion of cancellation {unknown}
 f - a potion of brilliance {unknown}
 i - a potion of lignification {unknown}
 k - a potion of curing {unknown}
Books
 c - a book of Minor Magic

   Spells                             Type                      Level
   a - Magic Dart                     Conjuration                  1
   b - Blink                          Translocation                2
   c - Call Imp                       Summoning                    2
   d - Slow                           Hexes                        2
   e - Conjure Flame                  Conjuration/Fire             3
   f - Mephitic Cloud                 Conjuration/Poison/Air       3
Comestibles
 d - 2 rations
 l - 6 chunks of flesh


   Skills:
 + Level 0.2 Fighting
 + Level 2.7 Dodging
 + Level 2.8 Stealth
 + Level 6.3 Spellcasting
 + Level 1.7 Conjurations
 + Level 1.3 Summonings
 + Level 1.1 Translocations


You had 2 spell levels left.
You knew the following spells:

 Your Spells              Type           Power        Failure   Level  Hunger
a - Magic Dart            Conj           ###.         3%          1    None
b - Blink                 Tloc           N/A          8%          2    None
c - Call Imp              Summ           ##......     7%          2    None
d - Slow                  Hex            #.......     12%         2    None
e - Conjure Flame         Conj/Fire      ##......     16%         3    None
f - Mephitic Cloud        Conj/Pois/Air  ##......     19%         3    None


Dungeon Overview and Level Annotations

Branches:
Dungeon (2/15)

Altars:


Message History

Your white imp appears confused.
You hear some strange, mumbled words.
Your white imp appears confused.
Something hits your white imp but does no damage.
Casting: Call Imp
Confirm with . or Enter, or press ? or * to list all spells.
Okay, then.
A puff of flame appears from out of thin air!
The puff of flame misses your white imp.
The puff of flame hits you!
Ouch! That really hurt!
* * * LOW HITPOINT WARNING * * *
Your magical contamination has completely faded away.
You start resting.
You are confused.
An orc wizard appears from thin air!
Reactivating autopickup.
The orc wizard gestures at you while chanting.
The puff of flame hits you!
You die...

#># #.##.# ##.#
#.# #.##.# #.# #.#
#.##># #.#
#†###.##.##### #.#
#....#.......###.#
#####.##.##...##.#
#.##.........#
#.#####...##.##
#<# ##.##.@.# #.#
#)##...# #.#
#.##...# ...
..###.## ### ###
#.# #.# # #o# .
#.# . #.#


You could see an orc wizard.

Vanquished Creatures
  2 adders (D:2)
  3 dart slugs (D:1)
  An orc (D:2)
  6 bats
  2 giant cockroaches
  4 goblins
  5 hobgoblins
  4 jackals (D:1)
  4 frilled lizards
  7 kobolds
  4 rats
42 creatures vanquished.

Vanquished Creatures (collateral kills)
  A gnoll (D:1)
  A worm (D:2)
  2 dart slugs (D:2)
  5 goblins (D:2)
  4 hobgoblins (D:2)
  A frilled lizard (D:2)
14 creatures vanquished.

Grand Total: 56 creatures vanquished

Notes
Turn   | Place    | Note
-------+----------+-------------------------------------------
     0 | D:1      | Supreme the Deep Elf Wizard began the quest for the Orb.
     0 | D:1      | Reached XP level 1. HP: 10/10 MP: 7/7
   167 | D:1      | Reached skill level 5 in Spellcasting
   167 | D:1      | Reached XP level 2. HP: 10/15 MP: 0/10
   171 | D:1      | Learned a level 2 spell: Blink
   174 | D:1      | Learned a level 2 spell: Call Imp
   177 | D:1      | Learned a level 2 spell: Slow
   531 | D:1      | Reached XP level 3. HP: 12/19 MP: 0/12
  1372 | D:2      | Reached skill level 6 in Spellcasting
  1446 | D:2      | Reached XP level 4. HP: 23/24 MP: 2/14
  1453 | D:2      | Learned a level 3 spell: Conjure Flame
  1457 | D:2      | Learned a level 3 spell: Mephitic Cloud
  1744 | D:2      | Killed from afar by an orc wizard

Skill      XL: |  1  2  3 |
---------------+----------+-----
Spellcasting   | 5 6 |  6.3
Fighting       | |  0.2
Dodging        | |  2.7
Stealth        | |  2.8
Conjurations   | |  1.7
Summonings     | |  1.3
Translocations | |  1.1

Action                   |  1- 3 |  4- 6 || total
-------------------------+-------+-------++-------
Melee: Short sword       |    39 |     7 ||    46
 Cast: Magic Dart        |    62 |    22 ||    84
       Call Imp          |     7 |     3 ||    10
 Stab: Sleeping          |     2 |     1 ||     3
  Eat: Chunk             |     1 |     1 ||     2
Armor: Robe              |     7 |     4 ||    11
Dodge: Dodged            |    31 |     7 ||    38
